 Dungeon Crawl Stone Soup version 0.30.0 (webtiles) character file.

Game seed: 7646712027397848453

108 BillyBaka the Shield-Bearer (level 4, -3/28 HPs)
             Began as a Gargoyle Fighter on May 5, 2023.
             Slain by a gnoll
             ... wielding a +2 whip of draining
              (7 damage)
             ... on level 3 of the Dungeon on May 6, 2023.
             The game lasted 00:08:36 (1673 turns).

BillyBaka the Shield-Bearer (Gargoyle Fighter)      Turns: 1673, Time: 00:08:36

Health: -3/28      AC: 11    Str: 21    XL:     4   Next: 87%
Magic:  4/4        EV:  9    Int:  9    God:
Gold:   72         SH:  4    Dex:  9    Spells: 3/3 levels left

rFire   . . .        a - +0 flail
rCold   . . .        c - +0 buckler
rNeg    + + .        b - +0 scale mail
rPois   ∞            (no helmet)
rElec   +            g - +0 cloak
rCorr   .            (no gloves)
SInv    .            (no boots)
Will    .....        (no amulet) Stlth
                     n - ring of positive energy
HPRegen 0.24/turn    (no ring)
MPRegen 0.09/turn

%: no passive effects
@: no status effects
A: sickness immunity, AC +3, negative energy resistance 1, electricity
resistance, torment resistance 1, petrification resistance
a: no special abilities


You were on level 3 of the Dungeon.
You visited 1 branch of the dungeon, and saw 3 of its levels.

You collected 72 gold pieces.

Inventory:

Hand Weapons
 a - a +0 flail (weapon)
Missiles
 o - 4 boomerangs (quivered)
Armour
 b - a +0 scale mail (worn)
 c - a +0 buckler (worn)
 g - a +0 cloak (worn)
Jewellery
 n - a ring of positive energy (left hand)
Wands
 p - a wand of polymorph (8)
Scrolls
 e - 4 scrolls of enchant weapon {unknown}
 f - a scroll of noise {unknown}
 j - 2 scrolls of immolation {unknown}
 k - a scroll of enchant armour {unknown}
 m - 3 scrolls of identify {unknown}
Potions
 d - a potion of might
 h - a potion of haste {unknown}
 i - 3 potions of brilliance {unknown}
 l - a potion of lignification {unknown}
 q - 2 potions of curing {unknown}


   Skills:
 + Level 3.5 Fighting
 * Level 3.6 Maces & Flails
 + Level 3.7 Armour
 + Level 1.0 Dodging
 + Level 3.8 Shields


You had 3 spell levels left.
You didn't know any spells.
Your spell library was empty.

Dungeon Overview and Level Annotations

Branches:
Dungeon (3/15)

Altars:

Shops:
D:1 ((*(


Innate Abilities, Weirdness & Mutations

You are immune to sickness and miasma.
Your stone body is resilient. (AC +3)
You are immune to poison.
You resist negative energy. (rN+)
You are resistant to electric shocks. (rElec)
You are resistant to unholy torment.
You are immune to petrification.


Message History

You tear a large gash into the net.
The gnoll shouts!
You hear an angry hiss.
You struggle against the net.
You rip the net and break free!
The gnoll throws a throwing net.
The throwing net hits you.
You become entangled in the net!
You tear a large gash into the net.
You struggle against the net.
You struggle against the net.
A ball python comes into view.
You rip the net and break free!
The ball python hisses angrily.
The gnoll hits you with a +0 club.
You sock the ball python!
You kill the ball python!
You barely miss the gnoll. The gnoll hits you but does no damage.
The gnoll hits you with a +0 club.
You barely miss the gnoll.
The gnoll hits you from afar with a +0 spear!
The gnoll completely misses you.
The gnoll hits you from afar with a +0 spear.
* * * LOW HITPOINT WARNING * * *
The gnoll completely misses you.
You barely miss the gnoll. The gnoll hits you but does no damage.
The gnoll closely misses you.
You hit the gnoll.
The gnoll is moderately wounded.
The gnoll closely misses you. The gnoll hits you but does no damage.
You sock the gnoll!
You kill the gnoll!
The gnoll closely misses you.
You hit the gnoll but do no damage. The gnoll barely misses you.
You block the gnoll's attack. The gnoll closely misses you.
You block the gnoll's attack.
A gnoll comes into view. It is wielding a +0 spear.
You barely miss the gnoll. The gnoll closely misses you.
The gnoll hits you with a +2 whip of draining.
* * * LOW HITPOINT WARNING * * *
You barely miss the gnoll. You block the gnoll's attack.
The gnoll hits you with a +2 whip of draining!
You die...

.# ##. ###.#
### ##...# ...
####....## #.#
#....)...## #.#
####.<.##.###.#
##.####...#
#.#...#@##
#.#.#.#g####.#
#.# #.#gg†..#
.#. #....#.## #
# ####.. # ....
##.#. .##. .#
.#


You could see 3 gnolls.

Vanquished Creatures
  Jessica (D:2)
  A gnoll (D:3)
  3 adders (D:2)
  A worm (D:2)
  2 ball pythons
  3 endoplasms
  2 giant cockroaches (D:1)
  A goblin (D:1)
  2 hobgoblins (D:1)
  5 jackals (D:1)
  3 quokkas
  4 bats
  3 frilled lizards
  8 kobolds
  6 rats
45 creatures vanquished.

Vanquished Creatures (others)
  9 plants (D:1)
9 creatures vanquished.

Grand Total: 54 creatures vanquished

Notes
Turn   | Place    | Note
-------+----------+-------------------------------------------
     0 | D:1      | BillyBaka the Gargoyle Fighter began the quest for the Orb.
     0 | D:1      | Reached XP level 1. HP: 14/14 MP: 1/1
    67 | D:1      | Found Hewial's Assorted Antiques.
   123 | D:1      | Reached XP level 2. HP: 12/19 MP: 2/2
   221 | D:1      | Found Faobex's Weapon Emporium.
   422 | D:1      | Found a faded altar of an unknown god.
   516 | D:1      | Reached XP level 3. HP: 23/23 MP: 3/3
   644 | D:1      | Found Cotiegg's Antique Weapon Emporium.
   679 | D:1      | Found Axulalew's Antique Weapon Boutique.
  1060 | D:1      | Found Faobex's Weapon Emporium.
  1076 | D:1      | Found Hewial's Assorted Antiques.
  1308 | D:2      | Reached XP level 4. HP: 28/28 MP: 4/4
  1354 | D:2      | Noticed Jessica
  1383 | D:2      | Killed Jessica
  1384 | D:2      | Reached skill level 1 in Dodging
  1673 | D:3      | Slain by a gnoll

Illustrated notes

Levels and vault maps discovered:
D:1:      amcnicky_arrival_wind_blow, layout_basic,
          shapermc_ecumenical_altar_pompeii, serial_shops, nicolae_square_shop,
          shop, nicolae_shop_behind_doors, nicolae_shop_real_fake_doors,
          serial_forest, infiniplex_forest_straight_3,
          infiniplex_forest_straight_3, infiniplex_forest_clump_diagonal,
          infiniplex_forest_lined_ring, infiniplex_forest_lined_3,
          infiniplex_forest_clump_tiny, infiniplex_forest_3_way,
          infiniplex_forest_clump_tiny, infiniplex_forest_side_room,
          serial_bayou_lagoon_b
D:2:      layout_rooms, guppyfry_early_lair_pool, uniq_jessica
D:3:      layout_loops_ring, nicolae_vehumet_altar_sigil,
          minmay_increasing_density, uniq_natasha

Skill      XL: |  1  2  3  4 |
---------------+-------------+-----
Maces & Flails | 3 |  3.6
Dodging        | 1 |  1.0
Fighting       | |  3.5
Armour         | |  3.7
Shields        | |  3.8

Action                     |  1- 3 |  4- 6 || total
---------------------------+-------+-------++-------
  Melee: Flail             |   136 |    29 ||   165
 Armour: Scale mail        |   106 |    17 ||   123
         Skin              |       |     3 ||     3
  Dodge: Dodged            |    94 |    15 ||   109
  Block: Buckler           |    36 |     8 ||    44
